 Dungeon Crawl Stone Soup version 0.27.0-1-g7a089689b8 (webtiles) character file.

Game seed: 6039534825659746910

366 Smaepdii the Cudgeller (level 6, -2/37 HPs)
             Began as a Gargoyle Berserker on Aug 3, 2021.
             Was a Believer of Trog.
             Slain by an orc warrior (12 damage)
             ... on level 4 of the Dungeon.
             The game lasted 00:13:55 (3502 turns).

Smaepdii the Cudgeller (Gargoyle Berserker)         Turns: 3502, Time: 00:13:56

Health: -2/37      AC: 13    Str: 22    XL:     6   Next: 68%
Magic:  6/6        EV:  8    Int:  7    God:    Trog [**....]
Gold:   125        SH:  0    Dex: 10    Spells: 5/5 levels left

rFire    . . .     SeeInvis .   a - +0 mace (vamp)
rCold    . . .     Faith    .   (no shield)
rNeg     + . .     Spirit   .   h - +0 chain mail
rPois    ∞         Reflect  .   (no helmet)
rElec    +         Harm     .   (no cloak)
rCorr    .         Rampage  .   (no gloves)
Will     ++...                  (no boots)
Stlth    ..........             (no amulet)
HPRegen  1.12/turn              (no ring)
MPRegen  0.10/turn              (no ring)

@: strong-willed, regenerating
A: sickness immunity, AC +4, negative energy resistance 1, electricity
resistance, torment resistance 1, petrification resistance
a: Renounce Religion, Berserk, Trog's Hand


You were on level 4 of the Dungeon.
You worshipped Trog.
Trog was pleased with you.
You visited 1 branch of the dungeon, and saw 4 of its levels.

You collected 125 gold pieces.

Inventory:

Hand Weapons
 a - a +0 vampiric mace (weapon)
Missiles
 n - 5 poisoned darts (quivered)
Armour
 h - a +0 chain mail (worn)
Scrolls
 i - 3 scrolls of brand weapon
Potions
 b - 2 potions of lignification
 c - a potion of invisibility {unknown}
 e - 2 potions of brilliance
 f - a potion of attraction {unknown}
 g - 2 potions of haste {unknown}
 l - a potion of ambrosia {unknown}
 m - a potion of flight {unknown}
 p - a potion of heal wounds {unknown}
 r - 2 potions of curing {unknown}


   Skills:
 - Level 3.2 Fighting
 * Level 7.3 Maces & Flails
 - Level 2.1 Armour
 - Level 1.5 Dodging


You had 5 spell levels left.
You didn't know any spells.
Your spell library was empty.

Dungeon Overview and Level Annotations

Branches:
Dungeon (4/15)
 Temple: D:4-7

Altars:
Cheibriados
Makhleb
Ru

Shops:
D:1 (


Innate Abilities, Weirdness & Mutations

You are immune to sickness and miasma.
Your stone body is resilient. (AC +4)
You are immune to poison.
You resist negative energy. (rN+)
You are resistant to electric shocks. (rElec)
You are resistant to unholy torment.
You are immune to petrification.


Message History

Found a book of Air.
A ball python comes into view.
The ball python hisses angrily.
The ball python bites you but does no damage.
The ball python closely misses you.
You closely miss the ball python. The ball python closely misses you.
The ball python grabs you. The ball python constricts you.
You hit the ball python.
You kill the ball python!
Trog accepts your kill.
An orc and an orc priest come into view.
The orc priest shouts!
The orc shouts!
An orc warrior comes into view. It is wielding a +0 short sword.
The orc priest mumbles some strange prayers to Beogh against you.
Beogh smites you!
Found a plate armour.
You hit the orc.
You feel better.
The orc is heavily wounded.
The orc barely misses you.
You sock the orc!
You feel better.
You kill the orc!
Trog accepts your kill.
The orc warrior shouts!
You hear a shout!
You hit the orc warrior but do no damage.
The orc warrior hits you with a +0 short sword.
You hit the orc warrior but do no damage.
The orc warrior hits you but does no damage.
An orc comes into view. It is wielding a +0 mace.
The orc shouts!
The orc priest calls down the wrath of Beogh upon you.
You barely resist.
The orc warrior hits you with a +0 short sword.
You closely miss the orc priest. The orc priest hits you with a +0 mace.
The orc warrior hits you with a +0 short sword!
* * * LOW HITPOINT WARNING * * *
Your skin crawls.
You feel strong-willed.
The orc priest hits you but does no damage.
The orc warrior hits you with a +0 short sword!
You die...

*,* **,* #.* *,*
#.* *,* #.* *,*
##.## ******* *,*
##...######,,,,,*
*,*
##.......[.,,,,,,*
*,*
#.......#***,**,,*
*,* *#..o@.#*
*,**,,* *,* ##.oo.#
*,**,,* *,, ##.#.#
*,**,,***,* #.#.#
*,,,,,,,,,, #.#.#
****,,,,,,, #.#.#
*,**,*,, #.#.#
*,**,*,, #.#.#
*,**,*,,
#o#.########.#*,*,,


You could see an orc warrior, an orc priest and an orc.

Vanquished Creatures
  Sigmund (D:2)
  2 orc priests (D:4)
  An orc wizard (D:4)
  Terence (D:2)
  4 adders
  2 worms
  3 dart slugs
  3 orcs (D:4)
  5 bats
  An endoplasm (D:3)
  A giant cockroach (D:4)
  7 hobgoblins
  7 jackals
  4 quokkas
  4 ball pythons
  A frilled lizard (D:2)
  8 goblins
  6 kobolds
  5 rats
66 creatures vanquished.

Vanquished Creatures (others)
  2 plants (D:3)
2 creatures vanquished.

Grand Total: 68 creatures vanquished

Notes
Turn   | Place    | Note
-------+----------+-------------------------------------------
     0 | D:1      | Smaepdii the Gargoyle Berserker began the quest for the
                  | Orb.
     0 | D:1      | Reached XP level 1. HP: 14/14 MP: 1/1
   285 | D:1      | Reached XP level 2. HP: 19/19 MP: 2/2
   308 | D:1      | Found Vanus's Antique Weapon Emporium.
   626 | D:2      | Reached skill level 4 in Maces & Flails
   682 | D:2      | Found a faded altar of an unknown god.
   686 | D:2      | Reached XP level 3. HP: 23/23 MP: 3/3
  1082 | D:2      | Reached ** piety under Trog
  1278 | D:2      | Noticed Sigmund
  1304 | D:2      | HP: 1/23 [Sigmund (11)]
  1320 | D:1      | Reached XP level 4. HP: 4/28 MP: 4/4
  1681 | D:2      | Killed Sigmund
  1682 | D:2      | Reached skill level 6 in Maces & Flails
  1682 | D:2      | Reached XP level 5. HP: 32/32 MP: 5/5
  1770 | D:2      | Noticed Terence
  1774 | D:2      | Killed Terence
  1775 | D:2      | Reached XP level 6. HP: 37/37 MP: 6/6
  2391 | D:3      | Found a snail-covered altar of Cheibriados.
  2670 | D:3      | Found a burning altar of Makhleb.
  2913 | D:3      | Found a sacrificial altar of Ru.
  3198 | D:4      | Reached skill level 7 in Maces & Flails
  3485 | D:4      | Noticed an orc warrior
  3502 | D:4      | Slain by an orc warrior

Illustrated notes

Levels and vault maps discovered:
D:1:      dpeg_arrival_line_fractal, layout_loops_ring, serial_shops, shop
D:2:      layout_loops_ring, hellmonk_ecumenical_altar_run_dry, uniq_terence,
          uniq_sigmund
D:3:      layout_loops_cross, nicolae_ru_the_path_less_chosen,
          mainiacjoe_overflow_catch_the_wave, chequers_big_river
D:4:      layout_loops_ring, uniq_eustachio

Skill      XL: |  1  2  3  4  5  6 |
---------------+-------------------+-----
Maces & Flails | 4 6 7 |  7.3
Fighting       | |  3.2
Armour         | |  2.1
Dodging        | |  1.5

Action                   |  1- 3 |  4- 6 || total
-------------------------+-------+-------++-------
Melee: Mace              |    70 |   102 ||   172
Throw: Boomerang         |    41 |       ||    41
       Dart              |       |    17 ||    17
Invok: Berserk           |     2 |     4 ||     6
       Trog's Hand       |       |     3 ||     3
  Use: Scroll            |       |     7 ||     7
Armor: Chain mail        |    45 |    71 ||   116
       Leather armour    |     1 |       ||     1
Dodge: Dodged            |    42 |    46 ||    88
